[ AOE2 MATCH · #504754072 ]
UnrankedMongols vs Mongols
Player's team · LOSS
Rival team · WIN
[ REPLAY ANALYSIS · EXTRACTED FROM THE RECORDED GAME ]
Feudal
9:53
Castle
—
Imperial
—
| APM avg | 45.5 |
| APM peak | 64 |
| eAPM avg | 21.0 |
| Villagers / military | 31 / 10 |
Focus
⚔️ 29.7% · 🌾 70.3%
Archer ×7 · Militia ×3
Feudal
9:17
Castle
—
Imperial
—
| APM avg | 80.5 |
| APM peak | 121 |
| eAPM avg | 47.1 |
| Villagers / military | 33 / 9 |
Focus
⚔️ 75.1% · 🌾 24.9%
Archer ×6 · Militia ×3
Match map
Initial resources + every placement click. Lines = walls · curves = elevation contours. ◆ gold · ⬟ stone · ● berries · ✦ relic · ◌ wall gap
Your base· Open — unwalled flank
RaiD's base· Open — unwalled flank
Smoothed initial terrain · ◌ = detected wall gap · hover for details
Inputs per minute
— WhiteForest - - RaiD
Build order — WhiteForest
67 actions detected in the replay
| 0:01 | Queue | Villager (Male) ×4 |
| 0:02 | Build | House |
| 0:02 | Build | House |
| 1:19 | Queue | Villager (Male) |
| 1:56 | Queue | Villager (Male) |
| 1:56 | Queue | Villager (Male) |
| 2:01 | Build | Lumber Camp |
| 2:15 | Queue | Villager (Male) |
| 2:17 | Queue | Villager (Male) |
| 3:06 | Queue | Villager (Male) |
| 3:07 | Queue | Villager (Male) |
| 3:18 | Queue | Villager (Male) |
| 3:42 | Queue | Villager (Male) |
| 3:54 | Build | Palisade Wall |
| 4:05 | Queue | Villager (Male) |
| 4:05 | Queue | Villager (Male) |
| 4:09 | Build | House |
| 4:45 | Build | Barracks |
| 5:07 | Queue | Villager (Male) |
| 5:11 | Build | House |
| 5:35 | Queue | Militia |
| 5:36 | Queue | Militia |
| 5:36 | Queue | Militia |
| 5:45 | Queue | Villager (Male) |
| 6:07 | Queue | Villager (Male) |
| 6:24 | Build | Mill |
| 6:27 | Queue | Villager (Male) |
| 6:37 | Queue | Villager (Male) |
| 6:49 | Research | Loom |
| 7:00 | Build | House |
| 7:43 | Research | Feudal Age |
| 7:45 | Build | Mill |
| 8:22 | Build | Mining Camp |
| 9:41 | Queue | Villager (Male) |
| 9:53 | Age | Feudal Age |
| 9:56 | Queue | Villager (Male) |
| 9:59 | Build | Archery Range |
| 10:19 | Research | Double-Bit Axe |
| 10:20 | Research | Double-Bit Axe |
| 10:41 | Queue | Villager (Male) |
| 10:50 | Queue | Archer |
| 10:58 | Build | Palisade Wall |
| 11:08 | Build | Palisade Wall |
| 11:20 | Queue | Villager (Male) |
| 11:23 | Queue | Archer |
| 11:45 | Queue | Villager (Male) |
| 12:11 | Queue | Villager (Male) |
| 12:16 | Queue | Archer |
| 12:25 | Queue | Archer |
| 12:58 | Queue | Villager (Male) |
| 13:00 | Queue | Archer |
| 13:06 | Build | Farm |
| 13:07 | Build | Farm |
| 13:15 | Queue | Villager (Male) |
| 13:22 | Build | Mill |
| 13:24 | Queue | Archer |
| 13:29 | Build | House |
| 13:32 | Build | Blacksmith |
| 13:33 | Queue | Villager (Male) |
| 13:36 | Build | Farm |
| 13:56 | Queue | Archer |
| 14:00 | Research | Fletching |
| 14:00 | Research | Fletching |
| 14:09 | Build | Farm |
| 14:09 | Queue | Villager (Male) |
| 14:19 | Build | Mill |
| 14:28 | Queue | Villager (Male) |
Build order — RaiD
68 actions detected in the replay
| 0:01 | Queue | Villager (Male) ×4 |
| 0:02 | Build | House |
| 0:03 | Build | House |
| 1:33 | Queue | Villager (Male) |
| 1:33 | Queue | Villager (Male) |
| 1:53 | Build | Lumber Camp |
| 2:01 | Queue | Villager (Male) |
| 2:28 | Queue | Villager (Male) |
| 2:28 | Queue | Villager (Male) |
| 2:28 | Queue | Villager (Male) |
| 2:58 | Queue | Villager (Male) |
| 3:09 | Queue | Villager (Male) |
| 3:09 | Queue | Villager (Male) |
| 3:09 | Queue | Villager (Male) |
| 3:33 | Queue | Villager (Male) |
| 3:33 | Queue | Villager (Male) |
| 3:36 | Build | House |
| 4:11 | Queue | Villager (Male) |
| 4:29 | Queue | Villager (Male) |
| 4:40 | Build | Mill |
| 4:50 | Queue | Villager (Male) |
| 5:17 | Queue | Villager (Male) |
| 5:37 | Queue | Villager (Male) |
| 5:47 | Build | Barracks |
| 6:09 | Queue | Villager (Male) |
| 6:24 | Build | House |
| 6:28 | Research | Loom |
| 7:07 | Research | Feudal Age |
| 7:23 | Build | Palisade Wall |
| 7:26 | Build | Palisade Wall |
| 7:32 | Queue | Militia |
| 7:52 | Queue | Militia |
| 8:05 | Queue | Militia |
| 8:12 | Build | Palisade Wall |
| 8:14 | Build | Palisade Wall |
| 8:23 | Build | Mill |
| 8:58 | Queue | Villager (Male) |
| 9:17 | Age | Feudal Age |
| 9:38 | Queue | Villager (Male) |
| 9:51 | Build | Archery Range |
| 9:55 | Build | Archery Range |
| 10:12 | Queue | Villager (Male) |
| 10:24 | Queue | Villager (Male) |
| 10:24 | Queue | Villager (Male) |
| 10:25 | Queue | Villager (Male) |
| 10:33 | Queue | Archer |
| 10:59 | Build | Palisade Wall |
| 11:00 | Build | Palisade Wall |
| 11:01 | Build | Palisade Wall |
| 11:07 | Build | House |
| 11:15 | Build | Watch Tower |
| 11:21 | Queue | Archer |
| 11:29 | Queue | Villager (Male) |
| 11:32 | Build | House |
| 12:01 | Queue | Villager (Male) |
| 12:12 | Queue | Archer |
| 12:15 | Queue | Villager (Male) |
| 12:58 | Queue | Archer |
| 13:05 | Build | House |
| 13:10 | Build | Mill |
| 13:30 | Build | Mining Camp |
| 13:33 | Queue | Archer |
| 13:38 | Build | Mining Camp |
| 14:03 | Build | Farm |
| 14:05 | Queue | Villager (Male) |
| 14:26 | Queue | Villager (Male) |
| 14:28 | Queue | Archer |
| 14:40 | Build | Blacksmith |
Match timeline
| 3:54 | WhiteForest · wall_segment Palisade Wall x1 |
| 4:45 | WhiteForest · first_building Barracks |
| 5:47 | RaiD · first_building Barracks |
| 7:23 | RaiD · wall_segment Palisade Wall x2 |
| 7:26 | RaiD · wall_segment Palisade Wall x1 |
| 8:12 | RaiD · wall_segment Palisade Wall x1 |
| 8:14 | RaiD · wall_segment Palisade Wall x1 |
| 9:17 | RaiD · age_up feudal |
| 9:51 | RaiD · first_building Archery Range |
| 9:53 | WhiteForest · age_up feudal |
| 9:59 | WhiteForest · first_building Archery Range |
| 10:58 | WhiteForest · wall_segment Palisade Wall x1 |
| 10:59 | RaiD · wall_segment Palisade Wall x1 |
| 11:00 | RaiD · wall_segment Palisade Wall x1 |
| 11:01 | RaiD · wall_segment Palisade Wall x1 |
| 11:08 | WhiteForest · wall_segment Palisade Wall x1 |
| 14:41 | WhiteForest · resign |
[ AI ANALYSIS · 1 CREDIT ]
What really happened in this match?
Wolo.gg analyzes every decision: build order, eco, micro, common mistakes by bracket. Personalized analysis on WhatsApp or Discord in 30 seconds.
Civ guide
Mongols
Perfil
Jugador #707749